AoeStats
← andonihc9

Arena

509924536Analyzed
1v1 RM · 3d ago on Sep 28, 2026· 49m 5s· 2 players
Game mode
Random Map
Map size
Tiny (2 player)
Population
200
Speed
Normal
Resources
Standard
Victory
Conquest
Starting age
Dark Age
Ending age
Imperial Age
RankedLock teamsTeams togetherTeam positionsShared explorationLock speedFull tech treeHidden civsTurbo modeCheats
Victory
Defeat
🇲🇽 Byzantines · Mexico
734
+41
🇪🇸 Bulgarians · Spain
749
-37
andonihc9
12:02 Feudal Age
13:08 Double-Bit Axe
19:08 Castle Age
22:11 Gold Mining
24:43 Stone Mining
24:59 Crossbowman
25:32 Fletching
26:36 Thumb Ring
27:06 Fervor
28:27 Pikeman
29:08 Squires
29:21 Forging
31:12 Bow Saw
32:24 Horse Collar
35:24 Imperial Age
33:30 Wheelbarrow
35:34 Iron Casting
34:54 Bodkin Arrow
38:58 Chemistry
37:54 Murder Holes
38:11 Fortified Wall
38:04 Halberdier
38:24 Arbalester
40:05 Gambesons
41:36 Ballistics
44:42 Bracer
44:42 Scale Mail Armor
44:42 Padded Archer Armor
44:31 Arson
44:41 Elite Cataphract
48:12 Spies/Treason
Imperâtor
12:54 Feudal Age
13:20 Double-Bit Axe
14:16 Wheelbarrow
13:38 Gold Mining
14:48 Horse Collar
15:37 Town Watch
16:52 Fletching
18:45 Forging
18:43 Stone Mining
25:41 Castle Age
24:09 Arson
24:28 Scale Mail Armor
27:02 Heavy Plow
27:16 Bow Saw
28:00 Stone Shaft Mining
28:33 Gold Shaft Mining
28:36 Scale Barding Armor
29:32 Husbandry
30:48 Hand Cart
31:55 Bloodlines
31:46 Murder Holes
34:49 Stirrups
35:49 Masonry
36:04 Chain Barding Armor
44:30 Bodkin Arrow
47:03 Thumb Ring
Connection lost

Rejoining the realm…

Still unreachable

The connection could not be restored.

Session expired

The server has moved on; the page needs a fresh start.